 Dungeon Crawl Stone Soup version 0.21.0-3-g78d12a8 (webtiles) character file.

124 komo4ek the Grave Robber (level 5, -2/24 HPs)
             Began as a Vine Stalker Necromancer on Jan 8, 2018.
             Killed by divine providence
             ... invoked by an orc priest
              (19 damage)
             ... on level 3 of the Dungeon.
             The game lasted 00:10:00 (3033 turns).

komo4ek the Grave Robber (Vine Stalker Necromancer) Turns: 3033, Time: 00:10:01

Health: -2/24      AC:  2    Str: 11    XL:     5   Next: 8%
Magic:  0/11       EV: 12    Int: 16    God:
Gold:   74         SH:  0    Dex: 14    Spells: 9/11 levels left

rFire    . . .     SeeInvis .   (no weapon)
rCold    . . .     Gourm    .   (no shield)
rNeg     . . .     Faith    .   a - +0 robe
rPois    .         Spirit   +   (no helmet)
rElec    .         Reflect  .   (no cloak)
rCorr    .         Harm     +   (no gloves)
MR       .....                  (no boots)
Stlth    ++........             h - amulet of harm
HPRegen  0.48/turn              (no ring)
MPRegen  0.12/turn              (no ring)

@: no status effects
A: fangs 2, regeneration 1, magic shield, antimagic bite, no potion heal 3, rot
immunity
a: no special abilities


You were on level 3 of the Dungeon.
You were not hungry.

You visited 1 branch of the dungeon, and saw 3 of its levels.

You collected 74 gold pieces.

Inventory:

Armour
 a - a +0 robe (worn)
Jewellery
 h - an amulet of harm (around neck)
 k - an uncursed amulet of rage {unknown}
Scrolls
 f - a scroll of remove curse {unknown}
 g - a scroll of fog {unknown}
 i - a scroll of noise {unknown}
 j - a scroll of teleportation {unknown}
 l - a scroll of identify {unknown}
 o - a scroll of amnesia {unknown}
Potions
 c - a potion of flight {unknown}
 d - 2 potions of curing {unknown}
 e - 2 potions of degeneration {unknown}
 n - a potion of mutation {unknown}
Books
 b - a book of Necromancy

   Spells                             Type                      Level
   a - Pain                           Necromancy                   1
   b - Animate Skeleton               Necromancy                   1
   c - Vampiric Draining              Necromancy                   3
   d - Regeneration                   Charms/Necromancy            3
   e - Animate Dead                   Necromancy                   4
   f - Borgnjor's Vile Clutch         Necromancy/Earth             5
Comestibles
 m - 2 rations


   Skills:
 - Level 1.5 Dodging
 - Level 2.4 Stealth
 + Level 3.9 Spellcasting
 + Level 5.2 Necromancy


You had 9 spell levels left.
You knew the following spells:

 Your Spells              Type           Power        Failure   Level  Hunger
a - Pain                  Necr           ###.         1%          1    None
b - Animate Skeleton      Necr           N/A          1%          1    None


Dungeon Overview and Level Annotations

Branches:
Dungeon (3/15)

Altars:
Ashenzari


Innate Abilities, Weirdness & Mutations

You have extremely sharp teeth.
Your natural rate of healing is unusually fast.
When hurt, damage is shared between your health and your magic reserves.
Your bite disrupts and absorbs the magic of your enemies.
Potions cannot restore your health.
You are immune to rotting.


Message History

Aiming: Pain
Press: ? - help, Shift-Dir - straight line The rat writhes in agony!
You kill the rat!
Sorry, you're not good enough to have a special ability.
The orc priest looks encouraged for a moment.
The orc priest calls down the wrath of Beogh upon you.
Pain shoots through your body!
Casting: Pain
Confirm with . or Enter, or press ? or * to list all spells.
Aiming: Pain
Press: ? - help, Shift-Dir - straight line, f - orc priest
Aim: an orc priest, wielding a hand axe and wearing a scale mail (chance to defeat MR: 78%)
The orc priest barely resists.
An orc wizard comes into view. It is wielding a dagger.
The orc wizard shouts!
The orc priest calls down the wrath of Beogh upon you.
Beogh smites you!
Ouch! That really hurt!
You die...

##################
.................#
##################.......###.#
.................#.#####.# #.#
........########.#.# #.# #.#
......#.########.#.# #.# #.#
.................>.# #.# #.#
..........######.#.# #.# #.#
##†##.###.......@#.# #.# #.#
#.oo....#.......†#.# #.# #.#
#..##.#.#...##..##.#####.# #.#
#..##...#....o...#.....#.# #.#
....o.o.#.o..#.#######.#.# #.#
#..o...o.o...#.........#.# #.#
....###.##.......#......####.#
##... #.###......#.....##.##.#
......#.# ##..(..#....##.....#


You could see an orc priest and an orc.

Vanquished Creatures
  An orc priest (D:3)
  4 adders (D:2)
  A worm (D:2)
  2 dart slugs
  10 bats
  3 giant cockroaches (D:2)
  3 goblins
  6 hobgoblins
  2 jackals (D:2)
  6 frilled lizards
  10 kobolds
  6 rats
54 creatures vanquished.

Notes
Turn   | Place    | Note
-------+----------+-------------------------------------------
     0 | D:1      | komo4ek the Vine Stalker Necromancer began the quest for the Orb.
     0 | D:1      | Reached XP level 1. HP: 9/9 MP: 4/4
   468 | D:1      | Reached XP level 2. HP: 11/13 MP: 1/6
  1426 | D:2      | Reached XP level 3. HP: 13/16 MP: 3/8
  2100 | D:2      | Learned a level 1 spell: Animate Skeleton
  2253 | D:2      | Gained mutation: Your natural rate of healing is unusually fast. [Vine Stalker growth]
  2253 | D:2      | Reached XP level 4. HP: 8/21 MP: 1/10
  2620 | D:2      | Reached skill level 5 in Necromancy
  2640 | D:2      | Found a shattered altar of Ashenzari.
  2917 | D:3      | Found a shattered altar of Ashenzari.
  3012 | D:3      | Reached XP level 5. HP: 22/24 MP: 5/11
  3033 | D:3      | Killed from afar by an orc priest

Skill      XL: |  1  2  3  4 |
---------------+-------------+-----
Spellcasting   | 3 |  3.9
Necromancy     | 5 |  5.2
Dodging        | |  1.5
Stealth        | |  2.4

Action                   |  1- 3 |  4- 6 || total
-------------------------+-------+-------++-------
Melee: Unarmed           |     5 |       ||     5
       Bite              |     1 |       ||     1
 Cast: Pain              |    77 |    40 ||   117
  Eat: Ration            |     2 |       ||     2
Armor: Robe              |     9 |       ||     9
Dodge: Dodged            |    14 |     4 ||    18
